 Dungeon Crawl Stone Soup version 0.31-a0-744-gbc345e7fcb (webtiles) character file.

Game seed: 6131099229551575077

135 randomguy2701 the Covered (level 5, -1/41 HPs)
             Began as a Human Fighter on Sept 14, 2023.
             Slain by a gnoll
             ... wielding a +0 club
              (4 damage)
             ... on level 4 of the Dungeon.
             The game lasted 00:01:33 (1912 turns).

randomguy2701 the Covered (Human Fighter)           Turns: 1912, Time: 00:01:33

Health: -1/41      AC:  8    Str: 16    XL:     5   Next: 41%
Magic:  5/5        EV:  9    Int:  9    God:
Gold:   140        SH:  5    Dex: 14    Spells: 4/4 levels left

rFire   . . .        a - +0 war axe
rCold   . . .        c - +0 buckler
rNeg    . . .        b - +0 scale mail
rPois   .            (no helmet)
rElec   .            (no cloak)
rCorr   .            (no gloves)
SInv    .            k - +0 pair of boots
Will    .....        (no amulet) Stlth
                     (no ring)
HPRegen 0.26/turn    (no ring)
MPRegen 0.09/turn

%: no passive effects
@: no status effects
A: no striking features
a: no special abilities


You were on level 4 of the Dungeon.
You visited 1 branch of the dungeon, and saw 4 of its levels.

You collected 140 gold pieces.

Inventory:

Hand Weapons
 a - a +0 war axe (weapon)
Armour
 b - a +0 scale mail (worn)
 c - a +0 buckler (worn)
 k - a +0 pair of boots (worn)
Scrolls
 g - a scroll of enchant armour {unknown}
 h - 2 scrolls of identify {unknown}
 i - a scroll of blinking {unknown}
 l - a scroll of revelation {unknown}
 m - a scroll of noise {unknown}
Potions
 d - a potion of might
 e - a potion of curing {unknown}
 f - 2 potions of attraction {unknown}
 j - a potion of resistance {unknown}
 n - 2 potions of degeneration {unknown}
 o - a potion of enlightenment {unknown}
 p - a potion of heal wounds {unknown}


   Skills:
 + Level 3.5 Fighting
 + Level 3.5 Axes
 + Level 3.9 Armour
 + Level 0.6 Dodging
 + Level 0.2 Stealth
 + Level 3.3 Shields


You had 4 spell levels left.
You didn't know any spells.
Your spell library was empty.

Dungeon Overview and Level Annotations

Branches:
Dungeon (4/15)
 Temple: D:4-7

Altars:

Shops:
D:1 =[*


Message History

There are monsters nearby!
A kobold and a hobgoblin come into view.
The kobold is wielding a +0 whip and quivering poisoned darts.
The kobold shouts!
The hobgoblin shouts!
An adder comes into view.
The gnoll barely misses you.
The adder moves out of view.
You hit the gnoll but do no damage. The gnoll barely misses you.
You hit the gnoll.
The gnoll is moderately wounded.
An iguana comes into view.
The gnoll hits you with a +0 halberd!
The kobold throws a poisoned dart.
The poisoned dart barely misses you.
You closely miss the gnoll.
The gnoll is moderately wounded.
You closely miss the gnoll.
The iguana hisses angrily.
The gnoll misses you. The gnoll hits you but does no damage.
The gnoll hits you from afar with a +0 halberd!
The kobold hits you but does no damage.
The gnoll hits you from afar with a +0 halberd!
* * * LOW HITPOINT WARNING * * *
The gnoll hits you with a +0 club.
* * * LOW HITPOINT WARNING * * *
You block the gnoll's attack. The kobold closely misses you.
The gnoll attacks as it pursues you!
The gnoll hits you from afar with a +0 halberd!
* * * LOW HITPOINT WARNING * * *
You slash the gnoll!
The gnoll is heavily wounded.
The gnoll closely misses you.
You barely miss the gnoll.
The gnoll is heavily wounded.
The gnoll completely misses you. The gnoll hits you but does no damage.
You closely miss the gnoll.
The gnoll is heavily wounded.
The gnoll hits you but does no damage.
You hit the gnoll but do no damage.
The gnoll is heavily wounded.
The gnoll hits you with a +0 club.
You die...

.# ...#.# .#
#..#.# .#
#..#.# .##.#
#.g#.# .##.#
#Sg#.##########
.##..
#..lS.........#
###.#
#.##K########.#
# #.# #. #g#
###.# # #.# #.
#@# #...#
###.#########.
#.# #.###
..............
#.# #.#
###.###.######
#.# #.#
..........# #.#
#.# ###.###.#.#
#.# #.#
......#.#.# #..
#.# ###.#.#.#.#
####># #.# #
#.#.#.#.# #.#
#.#


You could see an iguana, a gnoll, an adder and a kobold.

Vanquished Creatures
  Natasha (thrice) (D:4)
  An adder (D:4)
  A worm (D:3)
  3 dart slugs
  5 orcs
  2 ball pythons
  4 endoplasms (D:1)
  2 giant cockroaches (D:4)
  4 hobgoblins
  3 jackals (D:1)
  5 bats
  A frilled lizard (D:3)
  4 kobolds
  2 rats
40 creatures vanquished.

Notes
Turn   | Place    | Note
-------+----------+-------------------------------------------
     0 | D:1      | randomguy2701 the Human Fighter began the quest for the
                  | Orb.
     0 | D:1      | Reached XP level 1. HP: 18/18 MP: 1/1
   100 | D:1      | Found Seisallu's Antique Armour Shoppe.
   155 | D:1      | Found Jimui's Jewellery Shoppe.
   156 | D:1      | Found Omoc's Assorted Antiques.
   287 | D:1      | Reached XP level 2. HP: 22/24 MP: 2/2
  1014 | D:3      | Reached XP level 3. HP: 29/29 MP: 3/3
  1311 | D:3      | You fall into a shaft and drop 1 floor!
  1465 | D:4      | Reached XP level 4. HP: 35/35 MP: 4/4
  1466 | D:4      | Noticed Natasha
  1470 | D:4      | Killed Natasha
  1549 | D:4      | Noticed Natasha
  1558 | D:4      | Killed Natasha
  1559 | D:4      | Reached XP level 5. HP: 29/41 MP: 5/5
  1757 | D:4      | Noticed Natasha
  1768 | D:4      | Killed Natasha
  1906 | D:4      | HP: 1/41 [gnoll/+0 halberd (7)]
  1912 | D:4      | Slain by a gnoll

Illustrated notes

Levels and vault maps discovered:
D:1:      ncdulo_smallfort, layout_basic, serial_shops, shop, shop, shop,
          minmay_misc_feat_tiny
D:2:      minmay_door_path, layout_loops_cross, nicolae_ecumenical_oubliette,
          basic_altar, minmay_misc_feat_rows, uniq_terence, uniq_sigmund
D:3:      layout_basic
D:4:      layout_loops_ring, kennysheep_generic_room_13, uniq_natasha

Skill      XL: |  1  2  3  4 |
---------------+-------------+-----
Axes           | 3 |  3.5
Fighting       | |  3.5
Armour         | |  3.9
Dodging        | |  0.6
Stealth        | |  0.2
Shields        | |  3.3

Action                     |  1- 3 |  4- 6 || total
---------------------------+-------+-------++-------
  Melee: War axe           |    83 |    41 ||   124
 Armour: Scale mail        |    63 |    36 ||    99
  Dodge: Dodged            |    34 |    21 ||    55
  Block: Buckler           |    18 |     3 ||    21

Table legend: (Time is in decaauts)
 A = Elapsed time spent in this place.
 B = Non-inter-level travel time spent in this place.
 C = Inter-level travel time spent in this place.
 D = Time resting spent in this place.
 E = Time spent auto-exploring this place.
 F = Levels seen in this place.
 G = Mean time per level.
                   A        B        C        D        E       F      G
               +--------+--------+--------+--------+--------+-----+--------+
         Total |   1972 |   1939 |     33 |      0 |   1619 |   4 |  493.0 |
       Dungeon |   1972 |   1939 |     33 |      0 |   1619 |   4 |  493.0 |
               +--------+--------+--------+--------+--------+-----+--------+

Top non-repeatable levels by time:
     D:1: 881 daAuts
     D:4: 631 daAuts
     D:3: 336 daAuts
     D:2: 122 daAuts
